 Dungeon Crawl Stone Soup version 0.28-b1-25-g9875b3fc8c (webtiles) character file.

Game seed: 7627154881485721634

5217 croobank the Jinx (level 10, -2/74 HPs)
             Began as a Purple Draconian Fire Elementalist on Feb 2, 2022.
             Was a High Priest of Ashenzari.
             Slain by a komodo dragon (27 damage)
             ... on level 10 of the Dungeon.
             The game lasted 00:52:17 (10709 turns).

croobank the Jinx (DrFE)                           Turns: 10709, Time: 00:52:17

Health: -2/74      AC:  9    Str: 11    XL:     10   Next: 35%
Magic:  22/32      EV: 15    Int: 20    God:    Ashenzari [*****.]
Gold:   374        SH:  3    Dex: 11    Spells: 9/28 levels left

rFire   . . .      SeeInvis +   a - +2 dagger of Supernal Gnosis {flame, Evo, Elem} (curse)
rCold   . . .      Faith    .   x - +0 buckler of the Clairvoyant Ordeal {Fort, Evo} (curse)
rNeg    . . .      Spirit   .   (armour unavailable)
rPois   .          Reflect  .   (helmet restricted)
rElec   .          Harm     +   f - scarf of the Shattered Sun {harm, Range, Self} (curse)
rCorr   .          Rampage  .   y - +0 pair of gloves of the Cryptic Comet {Evo, Self} (curse)
Will    +....      Clarity  +   O - +0 pair of boots of Curses and Power {Evo, Melee} (curse)
Stlth   ++........              (no amulet)
HPRegen 0.22/turn               c - ring of Curses and Power {MP+9, Self, Fort} (curse)
MPRegen 0.23/turn               l - ring "Revealing Regret" {EV+4, Bglg, Alch} (curse)

@: no status effects
A: breathe power, AC +7, unfitting armour, cold-blooded
a: Breathe Dispelling Energy, Renounce Religion, Curse Item, Shatter the Chains


You were on level 10 of the Dungeon.
You worshipped Ashenzari.
Ashenzari was extremely pleased with you.
You visited 2 branches of the dungeon, and saw 11 of its levels.
You also visited: Sewer, Ossuary and Bailey.

You collected 374 gold pieces.

Inventory:

Hand Weapons
 a - the cursed +2 dagger of Supernal Gnosis (weapon) {flame, Evo, Elem}
   (You took it off a goblin on level 1 of the Dungeon)

   It burns those it strikes, dealing additional fire damage.
   It has a curse which improves the following skills: Evocations: Evocations.
   Elements:  Fire Magic, Ice Magic, Air Magic and Earth Magic.
 b - a +0 hunting sling
 u - a +1 vorpal flail
 z - a +1 war axe of freezing
 B - a +0 battleaxe
 L - a +1 halberd of freezing
 M - a +2 flail of holy wrath
 N - a +3 dagger of draining
 Q - a +4 halberd of electrocution
Missiles
 e - 79 bolts
 g - 106 arrows
 k - 247 stones
 r - a silver boomerang
 s - 14 boomerangs
 v - 35 sling bullets
 A - 5 poisoned darts
Armour
 f - the cursed scarf of the Shattered Sun (worn) {harm, Range, Self}
   (You found it on level 3 of the Dungeon)

   It has a curse which improves the following skills: Ranged Combat: Slings,
   Bows, Crossbows and Throwing.
   Introspection: Fighting and Spellcasting.
 x - the cursed +0 buckler of the Clairvoyant Ordeal (worn) {Fort, Evo}
   (You found it on level 4 of the Dungeon)

   It has a curse which improves the following skills: Fortitude: Shields.
   Evocations: Evocations.
 y - the cursed +0 pair of gloves of the Cryptic Comet (worn) {Evo, Self}
   (You found it on level 4 of the Dungeon)

   It has a curse which improves the following skills: Evocations: Evocations.
   Introspection: Fighting and Spellcasting.
 O - the cursed +0 pair of boots of Curses and Power (worn) {Evo, Melee}
   (You found it on level 7 of the Dungeon)

   It has a curse which improves the following skills: Evocations: Evocations.
   Melee Combat: Short Blades, Long Blades, Axes, Maces & Flails, Polearms,
   Staves and Unarmed Combat.
Jewellery
 c - the cursed ring of Curses and Power (left hand) {MP+9, Self, Fort}
   (You found it on level 1 of the Dungeon)

   [ring of magical power]

   MP:        It affects your magic capacity (+9).
   It has a curse which improves the following skills: Introspection: Fighting
   and Spellcasting.
   Fortitude: Shields.
 h - a ring of resist corrosion
 l - the cursed ring "Revealing Regret" (right hand) {EV+4, Bglg, Alch}
   (You found it on level 1 of the Dungeon)

   [ring of evasion]

   EV:        It affects your evasion (+4).
   It has a curse which improves the following skills: Beguiling: Conjurations,
   Hexes and Translocations.
   Alchemy:   Poison Magic and Transmutations.
Wands
 p - a wand of iceblast (12)
 J - a wand of paralysis (9)
 K - a wand of acid (7)
Scrolls
 m - 6 scrolls of teleportation
 n - a scroll of blinking
 o - 5 scrolls of vulnerability
 t - 2 scrolls of silence
 w - 2 scrolls of immolation
 C - 3 scrolls of fog
 D - 2 scrolls of fear
 F - a scroll of magic mapping
 H - a scroll of enchant weapon
 I - 5 scrolls of identify
Potions
 d - 5 potions of curing
 i - 2 potions of flight
 j - 3 potions of ambrosia
 q - 3 potions of lignification
 E - 4 potions of magic
 G - 5 potions of heal wounds
 R - 7 potions of might
 S - a potion of brilliance
 T - a potion of haste
 U - a potion of invisibility
 V - 2 potions of cancellation
 W - a potion of resistance


   Skills:
 - Level 0.7(2.7) Fighting
 - Level 1.0(2.3) Short Blades
 - Level 2.3 Dodging
 - Level 2.6 Stealth
 - Level 0.1(0.4) Unarmed Combat
 - Level 5.4(9.7) Spellcasting
 + Level 4.7(6.9) Conjurations
 * Level 11.1(13.3) Hexes
 - Level 3.2 Summonings
 - Level 0.3(1.1) Transmutations
 - Level 5.0(7.2) Fire Magic
 - Level 7.0(9.4) Earth Magic


You had 9 spell levels left.
You knew the following spells:

 Your Spells              Type           Power      Damage    Failure   Level
a - Foxfire               Conj/Fire      100%       2x1d9     1%          1
b - Scorch                Fire           76%        2d9       1%          2
c - Call Canine Familiar  Summ           22%        N/A       8%          3
d - Beastly Appendage     Tmut           28%        N/A       6%          1
e - Flame Wave            Conj/Fire      38%        2d9       5%          4
f - Cause Fear            Hex            29%        N/A       1%          4
g - Leda's Liquefaction   Hex/Erth       26%        N/A       1%          4

Your spell library contained the following spells:

 Spells                   Type           Power      Damage    Failure   Level
 Conjure Flame            Conj/Fire      38%        6-21      1%          3
 Inner Flame              Hex/Fire       50%        N/A       1%          3
 Portal Projectile        Hex/Tloc       74%        N/A       1%          3
 Summon Guardian Golem    Hex/Summ       43%        N/A       1%          3
 Summon Small Mammal      Summ           88%        N/A       2%          1
 Animate Skeleton         Necr           18%        N/A       10%         1
 Pain                     Necr           36%        1d5       10%         1
 Wereblood                Tmut           14%        N/A       10%         2
 Corpse Rot               Necr/Air       20%        N/A       14%         2
 Spider Form              Tmut/Pois      12%        N/A       22%         3
 Vampiric Draining        Necr           9%         2d6       28%         3
 Dispel Undead            Necr           9%         3d8       67%         4
 Discord                  Hex            29%        N/A       95%         8
 Death Channel            Necr           4%         N/A       100%        6


Dungeon Overview and Level Annotations

Branches:
Dungeon (10/15)            Temple (1/1) D:4            Lair (0/6) D:10
  Sewer (visited)         Ossuary (visited)          Bailey (visited)
    Orc: D:9-12

Altars:
Ashenzari
Cheibriados
Elyvilon
Fedhas
Gozag
Hepliaklqana
Makhleb
Nemelex Xobeh
Okawaru
Qazlal
Ru
Xom
Yredelemnul
Zin

Shops:
D:5 :


Innate Abilities, Weirdness & Mutations

You can breathe bolts of dispelling energy.
Your rich purple scales are hard. (AC +7)
You cannot fit into any form of body armour.
You are cold-blooded and may be slowed by cold attacks.


Message History

The komodo dragon barely misses you.
Casting: Scorch (safe; 1% risk of failure)
Confirm with . or Enter, or press ? or * to list all spells.
Flames lash the komodo dragon.
The komodo dragon is severely wounded.
The komodo dragon's fire resistance burns away.
Your hound bites the komodo dragon but does no damage.
The komodo dragon bites your hound!!
Your hound dies!
Your hound's corpse disappears in a puff of smoke!
The komodo dragon hisses angrily.
You hit the komodo dragon. You burn the komodo dragon.
You tail-slap the komodo dragon, but do no damage.
The komodo dragon is severely wounded.
You closely miss the komodo dragon.
The komodo dragon is severely wounded.
The komodo dragon bites you!!
Unknown command.
You hit the komodo dragon but do no damage.
The komodo dragon is severely wounded.
The komodo dragon bites you!
You completely miss the komodo dragon.
The komodo dragon is severely wounded.
The komodo dragon completely misses you.
You hit the komodo dragon. You burn the komodo dragon.
The komodo dragon is severely wounded.
The komodo dragon is no longer more vulnerable to fire.
The komodo dragon misses you.
Casting: Scorch (safe; 1% risk of failure)
Confirm with . or Enter, or press ? or * to list all spells.
Flames lash the komodo dragon.
The komodo dragon is severely wounded.
The komodo dragon's fire resistance burns away.
The komodo dragon bites you but does no damage.
Casting: Scorch (safe; 1% risk of failure)
Confirm with . or Enter, or press ? or * to list all spells.
Flames lash the komodo dragon.
The komodo dragon is burned terribly!
The komodo dragon is almost dead.
The komodo dragon bites you!!
You die... * ######### * PPPPPPPP##

..P.PPPPP###### *
.>..PPP...######
....PPP....###### *
*
,PP.PPPl@........##
** ,*
PPP......#......##
,,*
,.P......##......##
* *
#.....####......##
*
###.............##
##............##
#............##
#............## *
...........##


You could see a komodo dragon (combustible).

Vanquished Creatures
  An orc knight (Bailey)
  6 yaks (D:9)
  A wraith (Ossuary)
  A steam dragon (D:9)
  2 acid dragons (D:9)
  Pargi (Sewer)
  3 orc warriors
  A necrophage (D:5)
  2 ice beasts
  A centaur (D:7)
  2 kobold brigands (D:6)
  A bullfrog (D:8)
  5 scorpions
  6 killer bees (D:9)
  8 wights
  An electric eel (D:7)
  2 centaur zombies
  4 orc priests
  A centaur skeleton (D:6)
  3 hounds
  4 orc wizards
  2 iguanas
  A hound skeleton (D:4)
  12 gnolls
  6 adders
  2 ufetubi
  An adder skeleton (D:4)
  A dart slug (D:3)
  2 worms (D:3)
  36 orcs
  5 ball pythons
  8 endoplasms
  9 giant cockroaches
  11 goblins
  3 hobgoblins
  4 jackals
  4 quokkas
  4 bats
  2 frilled lizards (D:1)
  3 hobgoblin skeletons (Ossuary)
  8 kobolds
  4 kobold zombies (Ossuary)
  An orc zombie (Ossuary)
  7 rats
192 creatures vanquished.

Vanquished Creatures (collateral kills)
  A wraith (D:9)
  A black bear (D:8)
  A centaur (D:10)
  2 centaur zombies
  An orc priest (D:9)
  An orc wizard (D:6)
  A killer bee zombie (D:8)
  A gnoll (Bailey)
  A dart slug (D:4)
  2 orcs
  5 foxfires
17 creatures vanquished.

Vanquished Creatures (others)
  206 foxfires
  6 plants
212 creatures vanquished.

Grand Total: 421 creatures vanquished

Notes
Turn   | Place    | Note
-------+----------+-------------------------------------------
     0 | D:1      | croobank the Draconian Fire Elementalist began the quest
                  | for the Orb.
     0 | D:1      | Reached XP level 1. HP: 14/14 MP: 3/3
   212 | D:1      | Reached XP level 2. HP: 9/20 MP: 5/5
   215 | D:1      | Learned a level 2 spell: Scorch
   867 | D:2      | Found a glowing silver altar of Zin.
   916 | D:2      | Reached XP level 3. HP: 26/26 MP: 6/6
  1009 | D:2      | Learned a level 3 spell: Call Canine Familiar
  1079 | D:2      | Found a faded altar of an unknown god.
  1837 | D:3      | Reached skill level 1 in Summonings
  1837 | D:3      | Reached XP level 4. HP: 33/33 MP: 8/8
  2200 | D:3      | Learned a level 1 spell: Beastly Appendage
  2411 | D:4      | Noticed a scorpion
  2416 | D:4      | Killed a scorpion
  2417 | D:4      | Reached XP level 5. HP: 38/38 MP: 9/9
  2860 | D:4      | Found a staircase to the Ecumenical Temple.
  2867 | Temple   | Entered the Ecumenical Temple
  2910 | Temple   | Became a worshipper of Ashenzari the Shackled
  3122 | D:4      | Reached XP level 6. HP: 36/45 MP: 11/11
  3493 | D:5      | Entered Level 5 of the Dungeon
  3650 | D:5      | Found Katia's Book Boutique.
  4092 | D:6      | Reached * piety under Ashenzari
  4101 | D:6      | Your scales start taking on a rich purple colour.
  4101 | D:6      | Reached skill level 5 in Spellcasting
  4101 | D:6      | Reached XP level 7. HP: 51/51 MP: 15/15
  4190 | D:6      | Reached skill level 1 in Short Blades
  4190 | D:6      | Reached skill level 5 in Fire Magic
  4204 | D:6      | Learned a level 4 spell: Flame Wave
  4211 | D:6      | Learned a level 4 spell: Cause Fear
  4244 | D:6      | Noticed a kobold demonologist
  4341 | D:6      | Found a glowing drain.
  4358 | Sewer    | Entered a sewer
  4446 | Sewer    | Noticed Pargi
  4453 | Sewer    | Killed Pargi
  4454 | Sewer    | Reached skill level 2 in Hexes
  4583 | D:6      | Found a sand-covered staircase.
  4588 | Ossuary  | Entered an ossuary
  4638 | Ossuary  | Reached skill level 3 in Hexes
  4789 | Ossuary  | Noticed a wraith
  4789 | Ossuary  | Noticed a flying skull
  4825 | Ossuary  | Noticed a flying skull
  4830 | Ossuary  | Noticed a wraith
  4843 | Ossuary  | Killed a wraith
  4844 | Ossuary  | Reached skill level 4 in Hexes
  5015 | Ossuary  | Reached XP level 8. HP: 59/59 MP: 17/17
  5025 | Ossuary  | Noticed a flying skull
  5031 | Ossuary  | Reached skill level 5 in Hexes
  5222 | D:6      | Reached ** piety under Ashenzari
  5231 | D:6      | Reached skill level 6 in Hexes
  5554 | D:6      | Reached skill level 7 in Hexes
  5590 | D:6      | Learned a level 4 spell: Leda's Liquefaction
  5863 | D:7      | Reached skill level 1 in Earth Magic
  6204 | D:7      | Reached *** piety under Ashenzari
  6250 | D:7      | Found a flagged portal.
  6272 | Bailey   | Entered a bailey
  6591 | Bailey   | Noticed an orc knight
  6597 | Bailey   | Killed an orc knight
  6598 | Bailey   | Reached XP level 9. HP: 67/67 MP: 18/20
  8119 | D:8      | Reached **** piety under Ashenzari
  8269 | D:8      | Reached ***** piety under Ashenzari
  8440 | D:8      | Reached skill level 8 in Hexes
  8994 | D:9      | Found a blossoming altar of Fedhas.
  9049 | D:9      | Reached skill level 9 in Hexes
  9060 | D:9      | Reached skill level 10 in Hexes
  9060 | D:9      | Reached XP level 10. HP: 17/74 MP: 13/23
  9378 | D:9      | Identified the +0 scale mail of Feasting {+Blink}
  9555 | D:9      | Identified the cursed +0 pair of boots of Curses and Power
                  | {Evo, Melee} (You found it on level 7 of the Dungeon)
 10422 | D:10     | Entered Level 10 of the Dungeon
 10432 | D:10     | Reached skill level 11 in Hexes
 10556 | D:10     | Identified the +1 leather armour of Atheism {Will+ Dex+4}
 10681 | D:10     | Found a staircase to the Lair.
 10709 | D:10     | Slain by a komodo dragon

Illustrated notes

Levels and vault maps discovered:
D:1:      scummos_arrival_hexagon, layout_rooms
D:2:      layout_loops_ring, basic_altar, ebering_ecumenical_altar_rust
D:3:      layout_basic
D:4:      mumra_celtic_spiral_tile, layout_basic, temple_doors_ab
D:5:      layout_layer_cave, serial_shops, kennysheep_mini_moat
D:6:      layout_gridville, gup_sewer_entry_pipe, enter_ossuary_2
D:7:      layout_basic, enter_bailey_3, serial_bayou_lagoon_a
D:8:      layout_layer_cave
D:9:      layout_gridville, mainiacjoe_overflow_catwalk
D:10:     layout_roguey, david_lair_shrubbed, grunt_ministairs_15
Temple:   nicolae_temple_the_god_donut

Skill      XL: |  1  2  3  4  5  6  7  8  9 10 |
---------------+-------------------------------+-----
Dodging        | 2 |  2.3
Stealth        | 2 |  2.6
Summonings     | 1 2 3 |  3.2
Spellcasting   | 3 5 |  5.4
Fire Magic     | 4 5 |  5.0
Short Blades   | 1 |  1.0
Hexes          | 4 7 10 11 | 11.1
Earth Magic    | 6 7 |  7.0
Conjurations   | 3 4 |  4.7
Fighting       | |  0.7
Unarmed Combat | |  0.1
Transmutations | |  0.3

Action                   |  1- 3 |  4- 6 |  7- 9 | 10-12 || total
-------------------------+-------+-------+-------+-------++-------
Melee: Unarmed           |    16 |       |       |       ||    16
       Tailslap          |     5 |     7 |    14 |     6 ||    32
       Dagger            |     4 |    41 |   121 |    31 ||   197
       Headbutt          |       |     1 |       |       ||     1
       Punch             |       |       |     2 |       ||     2
       Kick              |       |       |       |     1 ||     1
 Cast: Foxfire           |    47 |    24 |    32 |    22 ||   125
       Scorch            |    12 |    25 |   112 |    34 ||   183
       Beastly Appendage |       |     4 |     1 |     1 ||     6
       Call Canine Famil |       |     4 |    14 |     9 ||    27
       Flame Wave        |       |       |     3 |     1 ||     4
Invok: Curse Item        |       |     2 |     5 |       ||     7
 Abil: Breathe Dispellin |       |       |     2 |       ||     2
  Use: Scroll            |     2 |     2 |       |       ||     4
       Potion            |       |     1 |       |       ||     1
 Stab: Sleeping          |       |     1 |     4 |       ||     5
Armor: Skin              |     5 |    23 |    32 |    16 ||    76
Dodge: Dodged            |    24 |    64 |   140 |    30 ||   258
Block: Buckler           |       |       |     4 |     4 ||     8
